 Dungeon Crawl Stone Soup version 0.31-a0-931-g7b59d4eb97 (webtiles) character file.

Game seed: 17219787586364294801

1 LordLoth the Trooper (level 1, -2/22 HPs)
             Began as an Ogre Gladiator on Oct 20, 2023.
             Slain by a gnoll
             ... wielding a +0 spear
              (3 damage)
             ... on level 1 of the Dungeon.
             The game lasted 00:01:46 (167 turns).

LordLoth the Trooper (Ogre Gladiator)                Turns: 167, Time: 00:01:46

Health: -2/22      AC:  3    Str: 17    XL:     1   Next: 20%
Magic:  1/1        EV: 10    Int:  9    God:
Gold:   12         SH:  0    Dex: 10    Spells: 0/0 levels left

rFire   . . .        a - +0 flail
rCold   . . .        (no shield)
rNeg    . . .        b - +0 robe
rPois   .            c - +0 hat
rElec   .            (no cloak)
rCorr   .            (gloves unavailable)
SInv    .            (boots unavailable)
Will    .....        (no amulet)
Stlth   +            (no ring)
HPRegen 0.23/turn    (no ring)
MPRegen 0.07/turn

%: no passive effects
@: no status effects
A: large, unfitting armour, tough skin 1
a: no special abilities


You were on level 1 of the Dungeon.
You visited 1 branch of the dungeon, and saw 1 of its levels.

You collected 12 gold pieces.

Inventory:

Hand Weapons
 a - a +0 flail (weapon)
Missiles
 d - 3 throwing nets (quivered)
 e - a large rock
Armour
 b - a +0 robe (worn)
 c - a +0 hat (worn)


   Skills:
 + Level 2.7 Fighting
 + Level 2.7 Maces & Flails
 + Level 2.0 Throwing
 + Level 2.7 Dodging


You couldn't memorise any spells.
You didn't know any spells.
Your spell library was empty.

Dungeon Overview and Level Annotations

Branches:
Dungeon (1/15)

Altars:


Innate Abilities, Weirdness & Mutations

You are too large for most types of armour.
You have tough skin. (AC +1)


Message History

There is a large open door here.
There is a large open door here.
As you open the large door, it creaks loudly!
There is a large open door here.
There is a large open door here.
As you open the door, it creaks loudly!
There is an open door here.
There is an escape hatch in the floor here.
There is an open door here.
There is an open door here.
There is an open door here.
There is an open door here.
There is a large open door here.
There is a large open door here.
There is a large open door here.
You open the large door.
There is a large open door here.
There is a large open door here.
Found 12 gold pieces.
Found a clear potion.
You now have 12 gold pieces.
Found a mace.
Found a stone staircase leading down.
A gnoll comes into view. It is wielding a +0 spear.
The gnoll shouts!
A quokka comes into view.
The gnoll hits you from afar with a +0 spear!
You miss the quokka. The quokka misses you.
The gnoll hits you from afar with a +0 spear.
The quokka barely misses you.
You miss the quokka.
The gnoll hits you from afar with a +0 spear.
The quokka closely misses you.
You sock the quokka!
You kill the quokka!
The gnoll hits you from afar with a +0 spear.
* * * LOW HITPOINT WARNING * * *
The gnoll hits you from afar with a +0 spear.
* * * LOW HITPOINT WARNING * * *
The gnoll hits you from afar with a +0 spear.
You die...

♣~.....~♣##'##
#♣##'##♣##8.8#≈.#.....
###8#'#8###...#≈.#.....
+.........'...#≈.......
##8##.##8##...#≈#.>...
#~ #'#~♣~#8.>#≈..)..
##♣##'##♣######≈g.# .#
≈≈≈≈≈.≈≈≈≈≈≈≈≈≈≈..#...##
......#####.....@.......
......##................
........................
######.~~~~~⌠⌠........##
#.P......~.......#
#.~.####.~.......# #.~.#
..~......## #.P.#
##.~......# #.~..
.~.....


You could see a gnoll.

Vanquished Creatures
  A quokka (D:1)
1 creature vanquished.

Notes
Turn   | Place    | Note
-------+----------+-------------------------------------------
     0 | D:1      | LordLoth the Ogre Gladiator began the quest for the Orb.
     0 | D:1      | Reached XP level 1. HP: 22/22 MP: 1/1
   166 | D:1      | HP: 1/22 [gnoll/+0 spear (3)]
   167 | D:1      | Slain by a gnoll

Illustrated notes

Levels and vault maps discovered:
D:1:      saegor_arrival_fortress, layout_basic,
          shapermc_ecumenical_altar_acropolis

Action                     || total
---------------------------++-------
  Melee: Flail             ||     3
 Armour: Robe              ||     6
  Dodge: Dodged            ||     3

Table legend: (Time is in decaauts)
 A = Elapsed time spent in this place.
 B = Non-inter-level travel time spent in this place.
 C = Inter-level travel time spent in this place.
 D = Time resting spent in this place.
 E = Time spent auto-exploring this place.
 F = Levels seen in this place.
 G = Mean time per level.
                   A        B        C        D        E       F      G
               +--------+--------+--------+--------+--------+-----+--------+
         Total |    167 |    167 |      0 |      0 |      0 |   1 |  167.0 |
       Dungeon |    167 |    167 |      0 |      0 |      0 |   1 |  167.0 |
               +--------+--------+--------+--------+--------+-----+--------+

Top non-repeatable levels by time:
     D:1: 167 daAuts
